 Dungeon Crawl Stone Soup version 0.30-a0-224-ge52a3cb02f (webtiles) character file.

Game seed: 10746458138535845493

164026 qw the Severer (level 17, -14/115 HPs)
             Began as a Gargoyle Fighter on Oct 9, 2022.
             Was a High Priest of Okawaru.
             Killed from afar by an ancient lich (63 damage)
             ... with a crystal spear
             ... on level 3 of the Abyss.
             The game lasted 00:15:27 (28992 turns).

qw the Severer (Gargoyle Fighter)                  Turns: 28992, Time: 00:15:27

Health: -14/115    AC: 55    Str: 26    XL:     17   Next: 84%
Magic:  28/33      EV: 14    Int: 24    God:    Okawaru [*****.]
Gold:   1020       SH: 13    Dex:  6    Spells: 16/16 levels left

rFire   + . .      SeeInvis .    m - +1 broad axe (protect)
rCold   + . .      Faith    .    a - +0 kite shield
rNeg    + . .      Spirit   .    G - +10 chain mail of the Pleiades {Regen+ Int+8 Dex-2 Stlth+}
rPois   inf        Reflect  .    o - +2 helmet
rElec   +          Harm     .    s - scarf {rC+ rF+}
rCorr   .          Rampage  .    c - +2 pair of gloves of Satisfaction {MP+9 Str+2}
Will    +....                    y - +2 pair of boots {Stlth+}
Stlth   +.........               (no amulet)
HPRegen 1.19/turn                J - +4 ring of evasion
MPRegen 0.23/turn                n - +4 ring of protection

@: heroic, finesse-ful, corroded, under a protective aura, flying
A: sickness immunity, AC +12, big wings, negative energy resistance 1,
electricity resistance, torment resistance 1, petrification resistance, clever 1
a: Renounce Religion, Heroism, Finesse, Duel


You were on level 3 of the Abyss.
You worshipped Okawaru.
Okawaru was extremely pleased with you.
You visited 5 branches of the dungeon, and saw 27 of its levels.
You visited the Abyss 2 times.

You collected 2919 gold pieces.
You spent 1899 gold pieces at shops.


Innate Abilities, Weirdness & Mutations

You are immune to sickness and miasma.
Your stone body is resilient. (AC +12)
You are immune to poison.
Your large and strong wings let you fly.
You resist negative energy. (rN+)
You are resistant to electric shocks. (rElec)
You are resistant to unholy torment.
You are immune to petrification.
Your mind is acute. (Int +4, Str/Dex -1)


   Skills:
 - Level 16.0(21.0) Fighting
 - Level 18.0(23.0) Axes
 - Level 6.6(11.6) Throwing
 + Level 12.0(17.0) Armour
 - Level 4.1(9.1) Dodging
 - Level 15.0(20.0) Shields
 - Level 10.0 Invocations


You had 16 spell levels left.
You didn't know any spells.
Your spell library was empty.

Inventory:

Hand Weapons
 m - a +1 broad axe of protection (weapon)
 w - a +2 war axe of holy wrath
 D - a +4 morningstar of protection
Missiles
 k - 9 boomerangs (quivered)
Armour
 a - a +0 kite shield (worn)
 c - the +2 pair of gloves of Satisfaction (worn) {MP+9 Str+2}
   (Okawaru gifted it to you on level 11 of the Dungeon)

   Str:       It affects your strength (+2).
   MP:        It affects your magic capacity (+9).
 j - the +2 buckler of Imperfection {rCorr Dex+4 Slay+3}
   (You acquired it on level 15 of the Dungeon)

   Dex:       It affects your dexterity (+4).
   Slay:      It affects your accuracy & damage with ranged weapons and melee
   (+3).
   rCorr:     It protects you from acid and corrosion.
 o - a +2 helmet (worn)
 q - a +0 cloak
 s - a scarf of resistance (worn)
 x - +0 acid dragon scales
 y - a +2 pair of boots of stealth (worn)
 F - the +0 pair of gloves of Sorcery {rC+}
   (You bought it in a shop on level 2 of the Orcish Mines)

   rC:        It protects you from cold.
 G - the +10 chain mail of the Pleiades (worn) {Regen+ Int+8 Dex-2 Stlth+}
   (You bought it in a shop on level 2 of the Orcish Mines)

   Int:       It affects your intelligence (+8).
   Dex:       It affects your dexterity (-2).
   Regen:     It increases your rate of health regeneration.
   Stlth:     It makes you more stealthy.
Jewellery
 l - a ring of ice
 n - a +4 ring of protection (right hand)
 J - a +4 ring of evasion (left hand)
Scrolls
 h - 18 scrolls of identify
 t - 5 scrolls of teleportation
Potions
 d - 3 potions of might
 f - 3 potions of lignification
 g - 4 potions of haste
 i - 2 potions of mutation
 p - 2 potions of attraction
 r - 3 potions of cancellation
 u - 5 potions of resistance
 z - 10 potions of curing
 A - a potion of magic

Dungeon Overview and Level Annotations

Branches:
Dungeon (15/15)            Temple (1/1) D:4            Lair (5/5) D:10
  Swamp (4/4) Lair:3        Snake (0/4) Lair:3        Slime (0/5) Lair:5
    Orc (2/2) D:12            Elf (0/3) Orc:2        Vaults (0/5) D:14
 Depths (0/4) D:15

Altars:
Ashenzari
Cheibriados
Dithmenos
Elyvilon
Fedhas
Gozag
Hepliaklqana
Kikubaaqudgha
Makhleb
Nemelex Xobeh
Okawaru
Qazlal
Ru
Sif Muna
Trog
Uskayaw
Vehumet
Wu Jian
Xom
Yredelemnul
Zin
The Shining One
Jiyva

Shops:
D:5 (   Orc:2 ([[*

Portals:
Trove: D:14 (give 5 scrolls of fog)

Annotations:
D:3 3 runed translucent doors, qw's ghost, amateur GrFi
D:6 3 runed translucent doors, qw's ghost, novice GrFi
D:7 3 runed translucent doors, qw's ghost, novice GrFi
Lair:4 3 runed translucent doors, Fifowuza's ghost, journeyman DrTm
Swamp:1 1 runed translucent door, Ysuot's ghost, journeyman OpWn
Swamp:3 Louise


Message History

The tentacled starspawn closely misses you.
The tentacled starspawn tentacle-slaps you but does no damage.
You slice the tentacled starspawn!!
You destroy the tentacled starspawn!
Okawaru accepts your kill.
The starspawn's tentacles wither and die.
You slash the large abomination! You barely miss something.
Something touches you but does no damage.
Your base Fighting skill increases to level 16!
You barely miss the large abomination.
The large abomination is severely damaged.
You hit something. The large abomination hits you!
You barely miss the large abomination.
The large abomination is severely damaged.
You miss something.
Something touches you but does no damage.
You slash the large abomination!
You destroy the large abomination!
Okawaru accepts your kill.
You closely miss something.
Something touches you but does no damage.
The bone dragon bites you but does no damage.
The bone dragon claws you but does no damage.
The bone dragon misses you. You block something's attack.
You hit the bone dragon but do no damage.
You hit something but do no damage. The bone dragon closely misses you.
The bone dragon claws you.
The bone dragon tramples you but does no damage.
You hit the bone dragon but do no damage.
You hit something but do no damage. Something touches you.
You slice the bone dragon!!
The bone dragon is lightly damaged.
You hit something but do no damage.
You hear some strange, mumbled words.
A crystal spear appears from out of thin air!
The crystal spear hits you!!!
Ouch! That really hurt!
You die...

.## ## .. #.##
.. ## #..###.##
.. #..#....# ..
#.......# # .#
#.#....#.# #.
#.####@.......#
. .##
.#..D#{##.....
.. ......##...
#.. .........
#.....
#.......#
#...##.#
#......## ...#.
. .......#
..##.. ......
... #. ..##..
ยค


You could see a bone dragon.

Vanquished Creatures
  A bone dragon (Swamp:3)
  3 tentacled starspawn (Abyss:3)
  3 thorn hunters
  Donald (Swamp:3)
  A draconian scorcher (Abyss:3)
  A fenstrider witch (Swamp:2)
  Aizul (Swamp:1)
  2 orc warlords
  2 bunyips
  An eleionoma (Swamp:2)
  A lorocyproca (Abyss:3)
  An eidolon (Abyss:3)
  An ettin (Orc:2)
  Snorg (Orc:1)
  A fire dragon (D:15)
  A shambling mangrove (Swamp:3)
  Harold (D:9)
  A vault guard (D:14)
  Erolcha (D:9)
  An ice dragon (D:15)
  A catoblepas (D:13)
  18 hydras
  5 two-headed ogres
  Erica (Orc:1)
  7 centaur warriors
  3 boulder beetles
  9 alligators
  2 tengu warriors (D:14)
  2 death yaks (Lair:5)
  A thrashing horror (Abyss:3)
  2 orc high priests (Orc:2)
  7 spriggans
  A shadow wraith (D:14)
  2 wretched stars (Abyss:3)
  4 goliath frogs
  7 bog bodies
  11 swamp dragons
  5 orc knights (Orc:2)
  Pikel (D:9)
  2 deep elf pyromancers
  A wolf spider (Lair:5)
  9 ugly things
  4 orc sorcerers
  14 elephants
  5 will-o-the-wisps
  5 manticores
  7 cyclopes
  Maurice (Orc:1)
  14 black mambas
  2 apocalypse crabs (Abyss:3)
  3 guardian serpents
  4 torpor snails
  A smoke demon (Abyss:3)
  2 gargoyles
  3 unseen horrors
  11 komodo dragons
  19 cane toads
  Maggie (D:7)
  2 efreet
  6 rime drakes
  A yaktaur (D:14)
  2 ancient zymes (Abyss:3)
  11 trolls
  12 hornets
  15 tyrant leeches
  5 saltlings (Orc:2)
  12 polar bears
  18 raiju
  2 dream sheep (D:11)
  18 blink frogs
  14 slime creatures
  A shadow (D:12)
  69 yaks
  A wraith (D:12)
  8 wyverns
  6 basilisks
  A golden eye (shapeshifter) (D:15)
  A vampire (Abyss:3)
  A steam dragon (D:8)
  A redback (Lair:5)
  32 vampire mosquitoes
  8 wargs
  16 swamp worms
  4 nagas (Lair:3)
  2 acid dragons
  15 hell hounds (Lair:5)
  3 large abominations (Abyss:3)
  18 water moccasins
  5 swamp drakes
  3 ice beasts
  19 orc warriors
  9 ogres
  15 black bears
  23 centaurs
  25 wolves
  A phantom (D:6)
  2 lemures (D:9)
  7 kobold brigands
  9 bullfrogs
  A scorpion (D:5)
  5 gnoll sergeants
  18 killer bees
  6 electric eels (D:12)
  2 jellies (Lair:5)
  9 orc priests
  3 hounds
  7 iguanas
  21 orc wizards
  33 gnolls
  9 adders
  A shadow imp (D:5)
  4 white imps
  An ufetubus (Abyss:3)
  A worm (D:5)
  2 dart slugs
  45 orcs
  4 endoplasms
  2 giant cockroaches
  6 goblins
  9 hobgoblins
  14 jackals
  5 quokkas
  12 ball pythons
  2 bats
  4 frilled lizards
  33 kobolds
  4 rats
  A butterfly (Lair:4)
  A lurking horror (Abyss:3)
  2 pillars of salt (Orc:2)
  5 starspawn tentacles (Abyss:3)
918 creatures vanquished.

Vanquished Creatures (others)
  A bloated husk (Swamp:2)
  A black bear (shapeshifter) (Abyss:3)
  An orc wizard (Orc:1)
  2 orcs
  43 foxfires
  79 fungi
  3 pillars of salt (Orc:2)
  175 plants
  6 starspawn tentacles (Abyss:3)
311 creatures vanquished.

Grand Total: 1229 creatures vanquished

Notes
Turn   | Place    | Note
-------+----------+-------------------------------------------
     0 | D:1      | qw the Gargoyle Fighter began the quest for the Orb.
     0 | D:1      | Reached XP level 1. HP: 14/14 MP: 1/1
     0 | D:1      | 0 ||| qw: Version: 0.2-a-17-g06abaee
     0 | D:1      | 0 ||| qw: Game counter: 2286
     0 | D:1      | 0 ||| qw: Always use a shield: true
     0 | D:1      | 0 ||| qw: God list: Okawaru
     0 | D:1      | 0 ||| qw: Allow faded altars: false
     0 | D:1      | 0 ||| qw: Do Orc after D:15 true
     0 | D:1      | 0 ||| qw: Do second Lair branch before Depths: true
     0 | D:1      | 0 ||| qw: Lair rune preference: random
     0 | D:1      | 0 ||| qw: Plans: Normal, Zot:1-4, God:TSO, Crypt, Tomb,
                  | Pan, Slime:5, Hells, Abyss, Orb
     0 | D:1      | 0 ||| PLANNING D:1-11
    48 | D:1      | 48 ||| Stepping ~*~*~tactically~*~*~ (stealth).
    51 | D:1      | 51 ||| Stepping ~*~*~tactically~*~*~ (stealth).
    53 | D:1      | 53 ||| Stepping ~*~*~tactically~*~*~ (stealth).
    80 | D:1      | Reached skill level 2 in Axes
   149 | D:1      | Reached XP level 2. HP: 15/19 MP: 2/2
   240 | D:1      | 240 ||| Stepping ~*~*~tactically~*~*~ (stealth).
   254 | D:1      | 254 ||| Stepping ~*~*~tactically~*~*~ (stealth).
   330 | D:1      | Reached skill level 3 in Axes
   392 | D:1      | Reached XP level 3. HP: 23/23 MP: 3/3
   811 | D:1      | 811 ||| UPGRADING to +6 ring of dexterity.
   812 | D:1      | 812 ||| READING 2 scrolls labelled VEDYTA NIOMM.
   813 | D:1      | 813 ||| READING scroll labelled ROUR MIBIG.
   816 | D:1      | 816 ||| READING scroll labelled YPSOICECKA.
   817 | D:1      | 817 ||| READING scroll labelled POTYPTAFURCH.
   818 | D:1      | 818 ||| READING scroll labelled TAGABR NUANO.
   819 | D:1      | 819 ||| READING scroll labelled ILLUTU IQOKLO.
   820 | D:1      | 820 ||| DRINKING 3 lumpy black potions.
  1049 | D:2      | Reached XP level 4. HP: 28/28 MP: 4/4
  1233 | D:2      | 1233 ||| DROPPING +0 mace.
  1282 | D:2      | 1282 ||| FLEEEEING.
  1283 | D:2      | 1283 ||| FLEEEEING.
  1284 | D:2      | 1284 ||| FLEEEEING.
  1285 | D:2      | 1285 ||| FLEEEEING.
  1295 | D:2      | Reached skill level 1 in Throwing
  1704 | D:2      | 1704 ||| UPGRADING to +0 chain mail.
  1714 | D:2      | 1714 ||| DROPPING +0 scale mail.
  1715 | D:2      | 1715 ||| UPGRADING to +4 ring of protection.
  1716 | D:2      | 1716 ||| READING 2 scrolls labelled SEFILORAURCH.
  1717 | D:2      | 1717 ||| READING scroll labelled XUD BUADISI.
  1737 | D:2      | 1737 ||| READING scroll labelled WOLOECULOPN.
  2090 | D:3      | Reached skill level 4 in Axes
  2097 | D:3      | Found a shadowy altar of Dithmenos.
  2100 | D:3      | Reached skill level 1 in Dodging
  2100 | D:3      | Reached XP level 5. HP: 32/32 MP: 5/5
  2163 | D:3      | Found a runed translucent gate.
  2163 | D:3      | Found a runed translucent gate.
  2163 | D:3      | Found a runed translucent gate.
  2165 | D:3      | Noticed qw's ghost (amateur GrFi)
  2166 | D:3      | Noticed a kobold brigand
  2401 | D:3      | 2401 ||| UPGRADING to +0 pair of gloves.
  2406 | D:3      | 2406 ||| READING scroll of enchant armour.
  2406 | D:3      | 2406 ||| ENCHANTING +0 pair of gloves.
  2407 | D:3      | 2407 ||| READING 2 scrolls labelled AXZAOHU HAUH.
  2408 | D:3      | 2408 ||| READING scroll labelled QEDGHI LOUN.
  2409 | D:3      | 2409 ||| READING 2 scrolls of identify.
  2409 | D:3      | 2409 ||| IDENTIFYING purple potion
  2410 | D:3      | 2410 ||| DROPPING scroll of fear.
  2437 | D:4      | Found a staircase to the Ecumenical Temple.
  2438 | D:4      | 2438 ||| PLANNING TEMPLE
  2446 | Temple   | Entered the Ecumenical Temple
  2626 | Temple   | 2626 ||| PLANNING D:1-11
  2656 | D:4      | Noticed an ogre
  2660 | D:4      | Killed an ogre
  2751 | D:4      | Reached skill level 5 in Axes
  2751 | D:4      | Reached XP level 6. HP: 37/37 MP: 6/6
  2765 | D:4      | 2765 ||| Stepping ~*~*~tactically~*~*~ (stealth).
  2767 | D:4      | 2767 ||| Stepping ~*~*~tactically~*~*~ (hiding).
  2897 | D:4      | Found an ornate altar of the Wu Jian Council.
  3036 | D:4      | 3036 ||| READING scroll of enchant armour.
  3036 | D:4      | 3036 ||| ENCHANTING +1 pair of gloves.
  3465 | D:4      | 3465 ||| DRINKING 2 grey potions.
  3466 | D:4      | 3466 ||| DRINKING 2 metallic ruby potions.
  3466 | D:4      | Gained mutation: Your mind is acute. (Int +4, Str/Dex -1)
                  | [potion of mutation]
  3467 | D:4      | 3467 ||| READING 5 scrolls of identify.
  3467 | D:4      | 3467 ||| IDENTIFYING white potion
  3468 | D:4      | 3468 ||| READING 4 scrolls of identify.
  3468 | D:4      | 3468 ||| IDENTIFYING green potion
  3469 | D:4      | 3469 ||| READING 3 scrolls of identify.
  3469 | D:4      | 3469 ||| IDENTIFYING bubbling dark potion
  3470 | D:4      | 3470 ||| READING 2 scrolls of identify.
  3470 | D:4      | 3470 ||| IDENTIFYING viscous green potion
  3471 | D:4      | 3471 ||| DROPPING potion of flight.
  3495 | D:5      | Entered Level 5 of the Dungeon
  3517 | D:5      | 3517 ||| DROPPING +2 whip of venom.
  3568 | D:5      | 3568 ||| Stepping ~*~*~tactically~*~*~ (hiding).
  3712 | D:5      | Noticed an ice beast
  3718 | D:5      | Killed an ice beast
  3719 | D:5      | Reached skill level 6 in Axes
  3719 | D:5      | Reached XP level 7. HP: 43/43 MP: 7/7
  3747 | D:5      | 3747 ||| Stepping ~*~*~tactically~*~*~ (stealth).
  3749 | D:5      | 3749 ||| Stepping ~*~*~tactically~*~*~ (stealth).
  3766 | D:5      | Identified the +7 spear "Xealiar" {protect, rPois}
  3776 | D:5      | 3776 ||| Stepping ~*~*~tactically~*~*~ (hiding).
  3901 | D:5      | 3901 ||| Stepping ~*~*~tactically~*~*~ (hiding).
  3913 | D:5      | Reached skill level 7 in Axes
  3987 | D:5      | Reached XP level 8. HP: 49/49 MP: 8/8
  4025 | D:5      | Found Sayqesm's Weapon Shoppe.
  4329 | D:5      | 4329 ||| READING scroll labelled BIURITZ DIHYTO.
  4396 | D:6      | Found an ancient bone altar of Kikubaaqudgha.
  4408 | D:6      | 4408 ||| Stepping ~*~*~tactically~*~*~ (hiding).
  4409 | D:6      | 4409 ||| Stepping ~*~*~tactically~*~*~ (hiding).
  4411 | D:6      | 4411 ||| Stepping ~*~*~tactically~*~*~ (hiding).
  4412 | D:6      | 4412 ||| Stepping ~*~*~tactically~*~*~ (hiding).
  4413 | D:6      | 4413 ||| Stepping ~*~*~tactically~*~*~ (hiding).
  4462 | D:6      | Found a runed translucent gate.
  4463 | D:6      | Found a runed translucent gate.
  4638 | D:6      | Reached skill level 8 in Axes
  4849 | D:6      | Found a runed translucent gate.
  4849 | D:6      | Noticed qw's ghost (novice GrFi)
  5020 | D:7      | Noticed a hornet
  5027 | D:7      | Killed a hornet
  5028 | D:7      | Reached skill level 6 in Fighting
  5090 | D:7      | Noticed Maggie
  5095 | D:7      | Reached XP level 9. HP: 49/56 MP: 9/9
  5101 | D:7      | Killed Maggie
  5233 | D:7      | Found a broken altar of Ashenzari.
  5291 | D:7      | 5291 ||| Stepping ~*~*~tactically~*~*~ (hiding).
  5294 | D:7      | 5294 ||| Stepping ~*~*~tactically~*~*~ (hiding).
  5407 | D:7      | Reached skill level 9 in Axes
  5825 | D:7      | 5825 ||| Stepping ~*~*~tactically~*~*~ (hiding).
  5852 | D:7      | Found a runed translucent gate.
  5852 | D:7      | Found a runed translucent gate.
  5853 | D:7      | Found a runed translucent gate.
  5855 | D:7      | Noticed qw's ghost (novice GrFi)
  5968 | D:7      | 5968 ||| Stepping ~*~*~tactically~*~*~ (hiding).
  6198 | D:7      | 6198 ||| READING 3 scrolls of identify.
  6198 | D:7      | 6198 ||| IDENTIFYING metallic golden potion
  6199 | D:7      | 6199 ||| READING 2 scrolls of identify.
  6199 | D:7      | 6199 ||| IDENTIFYING silvery potion
  6200 | D:7      | 6200 ||| DROPPING potion of invisibility.
  6270 | D:8      | Noticed a hornet
  6277 | D:8      | Killed a hornet
  6335 | D:8      | 6335 ||| Stepping ~*~*~tactically~*~*~ (stealth).
  6337 | D:8      | 6337 ||| Stepping ~*~*~tactically~*~*~ (stealth).
  6368 | D:8      | 6368 ||| Stepping ~*~*~tactically~*~*~ (hiding).
  6475 | D:8      | Reached skill level 10 in Axes
  6478 | D:8      | 6478 ||| FLEEEEING.
  6480 | D:8      | 6480 ||| FLEEEEING.
  6481 | D:8      | 6481 ||| FLEEEEING.
  6483 | D:8      | 6483 ||| FLEEEEING.
  6485 | D:8      | 6485 ||| FLEEEEING.
  6486 | D:8      | 6486 ||| FLEEEEING.
  6487 | D:8      | 6487 ||| FLEEEEING.
  6488 | D:8      | 6488 ||| FLEEEEING.
  6489 | D:8      | 6489 ||| FLEEEEING.
  6490 | D:8      | 6490 ||| FLEEEEING.
  6491 | D:8      | 6491 ||| FLEEEEING.
  6492 | D:8      | 6492 ||| FLEEEEING.
  6493 | D:8      | 6493 ||| STAIRDANCE
  6662 | D:8      | 6662 ||| Stepping ~*~*~tactically~*~*~ (hiding).
  6669 | D:8      | Reached XP level 10. HP: 63/63 MP: 10/10
  6773 | D:8      | 6773 ||| Stepping ~*~*~tactically~*~*~ (stealth).
  6861 | D:8      | Found an iron altar of Okawaru.
  6868 | D:8      | 6868 ||| PLANNING OKAWARU WORSHIP
  6868 | D:8      | 6868 ||| UPGRADING to +0 helmet.
  6874 | D:8      | Became a worshipper of Warmaster Okawaru
  6875 | D:8      | 6875 ||| PLANNING D:1-11
  6906 | D:8      | 6906 ||| READING scroll of enchant armour.
  6906 | D:8      | 6906 ||| ENCHANTING +0 helmet.
  6977 | D:8      | 6977 ||| Stepping ~*~*~tactically~*~*~ (stealth).
  6980 | D:8      | 6980 ||| Stepping ~*~*~tactically~*~*~ (stealth).
  6984 | D:8      | 6984 ||| Stepping ~*~*~tactically~*~*~ (stealth).
  6990 | D:8      | Reached skill level 3 in Throwing
  7121 | D:8      | 7121 ||| Stepping ~*~*~tactically~*~*~ (hiding).
  7174 | D:8      | 7174 ||| DRINKING potion of curing.
  7174 | D:8      | 7174 ||| (to cure confusion)
  7198 | D:8      | HP: 14/64 [gnoll/+0 halberd[a gnoll sergeant] (12)]
  7199 | D:8      | 7199 ||| READING 5 scrolls of teleportation.
  7200 | D:8      | 7200 ||| DRINKING potion of heal wounds.
  7204 | D:8      | 7204 ||| FLEEEEING.
  7205 | D:8      | 7205 ||| FLEEEEING.
  7206 | D:8      | 7206 ||| FLEEEEING.
  7207 | D:8      | 7207 ||| FLEEEEING.
  7208 | D:8      | 7208 ||| FLEEEEING.
  7329 | D:8      | 7329 ||| Stepping ~*~*~tactically~*~*~ (stealth).
  7331 | D:8      | 7331 ||| Stepping ~*~*~tactically~*~*~ (hiding).
  7379 | D:8      | 7379 ||| Stepping ~*~*~tactically~*~*~ (stealth).
  7413 | D:8      | 7413 ||| UPGRADING to +0 kite shield.
  7423 | D:8      | 7423 ||| DROPPING +0 buckler.
  7424 | D:8      | 7424 ||| UPGRADING to +0 plate armour.
  7434 | D:8      | 7434 ||| DROPPING +0 chain mail.
  7487 | D:9      | Noticed Harold
  7488 | D:9      | Noticed Pikel
  7496 | D:9      | Killed Pikel
  7496 | D:9      | Reached * piety under Okawaru
  7497 | D:9      | Reached skill level 6 in Shields
  7497 | D:9      | 7497 ||| INVOKING Heroism.
  7503 | D:9      | Killed Harold
  7503 | D:9      | Reached ** piety under Okawaru
  7513 | D:9      | 7513 ||| INVOKING Heroism.
  7525 | D:9      | Reached skill level 3 in Invocations
  7537 | D:9      | 7537 ||| Stepping ~*~*~tactically~*~*~ (hiding).
  7541 | D:9      | 7541 ||| INVOKING Heroism.
  7556 | D:9      | 7556 ||| INVOKING Heroism.
  7910 | D:9      | Found a burning altar of Makhleb.
  7959 | D:9      | Found a sacrificial altar of Ru.
  8060 | D:9      | 8060 ||| Stepping ~*~*~tactically~*~*~ (stealth).
  8064 | D:9      | 8064 ||| Stepping ~*~*~tactically~*~*~ (hiding).
  8065 | D:9      | 8065 ||| Stepping ~*~*~tactically~*~*~ (hiding).
  8066 | D:9      | 8066 ||| INVOKING Heroism.
  8123 | D:9      | Noticed Erolcha
  8124 | D:9      | 8124 ||| INVOKING Heroism.
  8136 | D:9      | Killed Erolcha
  8137 | D:9      | Reached XP level 11. HP: 53/68 MP: 12/14
  8216 | D:9      | Reached skill level 6 in Armour
  8318 | D:9      | Found a white marble altar of Elyvilon.
  8347 | D:9      | Found a glowing silver altar of Zin.
  8348 | D:9      | Found an opulent altar of Gozag.
  8407 | D:9      | 8407 ||| UPGRADING to +0 pair of boots.
  8447 | D:10     | Entered Level 10 of the Dungeon
  8457 | D:10     | Reached skill level 9 in Shields
  8467 | D:10     | 8467 ||| Stepping ~*~*~tactically~*~*~ (stealth).
  8469 | D:10     | 8469 ||| INVOKING Heroism.
  8474 | D:10     | Reached *** piety under Okawaru
  8474 | D:10     | Received a gift from Okawaru
  8495 | D:10     | 8495 ||| INVOKING Heroism.
  8513 | D:10     | 8513 ||| INVOKING Heroism.
  8539 | D:10     | 8539 ||| INVOKING Heroism.
  8758 | D:10     | Found a staircase to the Lair.
  8993 | D:10     | 8993 ||| PLANNING LAIR
  9038 | Lair:1   | Entered Level 1 of the Lair of Beasts
  9049 | Lair:1   | 9049 ||| INVOKING Heroism.
  9050 | Lair:1   | 9050 ||| Stepping ~*~*~tactically~*~*~ (stealth).
  9062 | Lair:1   | Reached **** piety under Okawaru
  9099 | Lair:1   | 9099 ||| INVOKING Heroism.
  9159 | Lair:1   | 9159 ||| Stepping ~*~*~tactically~*~*~ (stealth).
  9160 | Lair:1   | 9160 ||| INVOKING Heroism.
  9165 | Lair:1   | 9165 ||| Stepping ~*~*~tactically~*~*~ (stealth).
  9173 | Lair:1   | Reached skill level 11 in Axes
  9176 | Lair:1   | Received a gift from Okawaru
  9189 | Lair:1   | Reached skill level 6 in Invocations
  9338 | Lair:1   | Found the +4 skin of Zhor {*Englaciate rC+++ SInv}
  9364 | Lair:1   | 9364 ||| Stepping ~*~*~tactically~*~*~ (hiding).
  9366 | Lair:1   | 9366 ||| INVOKING Heroism.
  9374 | Lair:1   | Received a gift from Okawaru
  9375 | Lair:1   | Reached XP level 12. HP: 67/73 MP: 14/16
  9546 | Lair:1   | 9546 ||| INVOKING Heroism.
  9575 | Lair:1   | Reached ***** piety under Okawaru
  9691 | Lair:1   | 9691 ||| INVOKING Heroism.
  9709 | Lair:1   | Reached skill level 9 in Fighting
  9980 | Lair:1   | 9980 ||| READING 2 scrolls labelled JIMAUZ AT QUF.
 10018 | Lair:1   | 10018 ||| READING 4 scrolls of identify.
 10018 | Lair:1   | 10018 ||| IDENTIFYING puce potion
 10019 | Lair:1   | 10019 ||| DROPPING potion of brilliance.
 10020 | Lair:1   | 10020 ||| DROPPING scroll of silence.
 10021 | Lair:1   | 10021 ||| Stepping randomly (stuck).
 10023 | Lair:1   | 10023 ||| Stepping randomly (stuck).
 10024 | Lair:1   | 10024 ||| Stepping randomly (stuck).
 10025 | Lair:1   | 10025 ||| Stepping randomly (stuck).
 10026 | Lair:1   | 10026 ||| Stepping randomly (stuck).
 10027 | Lair:1   | 10027 ||| Stepping randomly (stuck).
 10029 | Lair:1   | 10029 ||| Stepping randomly (stuck).
 10030 | Lair:1   | 10030 ||| Stepping randomly (stuck).
 10031 | Lair:1   | 10031 ||| Stepping randomly (stuck).
 10032 | Lair:1   | 10032 ||| Stepping randomly (stuck).
 10033 | Lair:1   | 10033 ||| Stepping randomly (stuck).
 10034 | Lair:1   | 10034 ||| Stepping randomly (stuck).
 10035 | Lair:1   | 10035 ||| Stepping randomly (stuck).
 10036 | Lair:1   | 10036 ||| Stepping randomly (stuck).
 10037 | Lair:1   | 10037 ||| Stepping randomly (stuck).
 10038 | Lair:1   | 10038 ||| Stepping randomly (stuck).
 10039 | Lair:1   | 10039 ||| Stepping randomly (stuck).
 10040 | Lair:1   | 10040 ||| Stepping randomly (stuck).
 10041 | Lair:1   | 10041 ||| Stepping randomly (stuck).
 10042 | Lair:1   | 10042 ||| Stepping randomly (stuck).
 10043 | Lair:1   | 10043 ||| Stepping randomly (stuck).
 10044 | Lair:1   | 10044 ||| Stepping randomly (stuck).
 10045 | Lair:1   | 10045 ||| Stepping randomly (stuck).
 10046 | Lair:1   | 10046 ||| Stepping randomly (stuck).
 10047 | Lair:1   | 10047 ||| Stepping randomly (stuck).
 10048 | Lair:1   | 10048 ||| Stepping randomly (stuck).
 10049 | Lair:1   | 10049 ||| Stepping randomly (stuck).
 10050 | Lair:1   | 10050 ||| Stepping randomly (stuck).
 10051 | Lair:1   | 10051 ||| Stepping randomly (stuck).
 10052 | Lair:1   | 10052 ||| Stepping randomly (stuck).
 10053 | Lair:1   | 10053 ||| Stepping randomly (stuck).
 10054 | Lair:1   | 10054 ||| Stepping randomly (stuck).
 10055 | Lair:1   | 10055 ||| Stepping randomly (stuck).
 10056 | Lair:1   | 10056 ||| Stepping randomly (stuck).
 10057 | Lair:1   | 10057 ||| Stepping randomly (stuck).
 10058 | Lair:1   | 10058 ||| Stepping randomly (stuck).
 10059 | Lair:1   | 10059 ||| Stepping randomly (stuck).
 10060 | Lair:1   | 10060 ||| Stepping randomly (stuck).
 10061 | Lair:1   | 10061 ||| Stepping randomly (stuck).
 10062 | Lair:1   | 10062 ||| Stepping randomly (stuck).
 10063 | Lair:1   | 10063 ||| Stepping randomly (stuck).
 10064 | Lair:1   | 10064 ||| Stepping randomly (stuck).
 10065 | Lair:1   | 10065 ||| Stepping randomly (stuck).
 10066 | Lair:1   | 10066 ||| Stepping randomly (stuck).
 10067 | Lair:1   | 10067 ||| Stepping randomly (stuck).
 10068 | Lair:1   | 10068 ||| Stepping randomly (stuck).
 10069 | Lair:1   | 10069 ||| Stepping randomly (stuck).
 10070 | Lair:1   | 10070 ||| Stepping randomly (stuck).
 10071 | Lair:1   | 10071 ||| Stepping randomly (stuck).
 10073 | Lair:1   | 10073 ||| Stepping randomly (stuck).
 10123 | Lair:1   | Noticed an eight-headed hydra
 10124 | Lair:1   | 10124 ||| Stepping ~*~*~tactically~*~*~ (stealth).
 10125 | Lair:1   | 10125 ||| INVOKING Heroism.
 10132 | Lair:1   | 10132 ||| SWAPPING to +0 flail.
 10133 | Lair:1   | 10133 ||| INVOKING Finesse.
 10135 | Lair:1   | 10135 ||| Stepping ~*~*~tactically~*~*~ (outnumbered).
 10147 | Lair:1   | Killed an eight-headed hydra
 10148 | Lair:1   | 10148 ||| SWAPPING to +0 spectral war axe.
 10323 | Lair:2   | 10323 ||| INVOKING Heroism.
 10328 | Lair:2   | 10328 ||| Stepping ~*~*~tactically~*~*~ (stealth).
 10350 | Lair:2   | Received a gift from Okawaru
 10351 | Lair:2   | Reached skill level 9 in Invocations
 10410 | Lair:2   | 10410 ||| INVOKING Heroism.
 10600 | Lair:2   | 10600 ||| INVOKING Heroism.
 10620 | Lair:2   | Received a gift from Okawaru
 10692 | Lair:2   | 10692 ||| Stepping ~*~*~tactically~*~*~ (stealth).
 10693 | Lair:2   | 10693 ||| INVOKING Heroism.
 10702 | Lair:2   | Reached skill level 12 in Axes
 10822 | Lair:2   | 10822 ||| Stepping ~*~*~tactically~*~*~ (stealth).
 10838 | Lair:2   | Received a gift from Okawaru
 10852 | Lair:2   | 10852 ||| Stepping ~*~*~tactically~*~*~ (stealth).
 10855 | Lair:2   | 10855 ||| Stepping ~*~*~tactically~*~*~ (stealth).
 10877 | Lair:2   | Reached skill level 9 in Armour
 10960 | Lair:2   | 10960 ||| INVOKING Heroism.
 10962 | Lair:2   | 10962 ||| Stepping ~*~*~tactically~*~*~ (stealth).
 10972 | Lair:2   | Reached XP level 13. HP: 74/80 MP: 18/20
 11013 | Lair:2   | 11013 ||| INVOKING Heroism.
 11320 | Lair:2   | 11320 ||| UPGRADING to scarf of resistance.
 11403 | Lair:3   | Found a staircase to the Swamp.
 11475 | Lair:3   | 11475 ||| Stepping ~*~*~tactically~*~*~ (water).
 11493 | Lair:3   | 11493 ||| INVOKING Heroism.
 11730 | Lair:3   | 11730 ||| READING scroll of enchant armour.
 11730 | Lair:3   | 11730 ||| ENCHANTING +1 helmet.
 11752 | Lair:3   | Found a staircase to the Snake Pit.
 11753 | Lair:3   | 11753 ||| Stepping ~*~*~tactically~*~*~ (hiding).
 11766 | Lair:3   | 11766 ||| FLEEEEING.
 11815 | Lair:3   | 11815 ||| Stepping ~*~*~tactically~*~*~ (hiding).
 12075 | Lair:3   | 12075 ||| DROPPING ring of willpower.
 12076 | Lair:3   | 12076 ||| READING scroll labelled BIEHIROHON.
 12198 | Lair:4   | 12198 ||| INVOKING Heroism.
 12441 | Lair:4   | 12441 ||| Stepping ~*~*~tactically~*~*~ (stealth).
 12443 | Lair:4   | 12443 ||| INVOKING Heroism.
 12448 | Lair:4   | 12448 ||| Stepping ~*~*~tactically~*~*~ (stealth).
 12470 | Lair:4   | 12470 ||| Stepping ~*~*~tactically~*~*~ (stealth).
 12471 | Lair:4   | 12471 ||| Stepping ~*~*~tactically~*~*~ (stealth).
 12472 | Lair:4   | 12472 ||| Stepping ~*~*~tactically~*~*~ (stealth).
 12473 | Lair:4   | 12473 ||| Stepping ~*~*~tactically~*~*~ (stealth).
 12500 | Lair:4   | 12500 ||| INVOKING Heroism.
 12560 | Lair:4   | 12560 ||| Stepping ~*~*~tactically~*~*~ (stealth).
 12573 | Lair:4   | 12573 ||| INVOKING Heroism.
 12583 | Lair:4   | Reached skill level 13 in Axes
 12645 | Lair:4   | 12645 ||| INVOKING Heroism.
 12647 | Lair:4   | 12647 ||| Stepping ~*~*~tactically~*~*~ (stealth).
 12649 | Lair:4   | 12649 ||| SWAPPING to +0 flail.
 12650 | Lair:4   | 12650 ||| INVOKING Finesse.
 12662 | Lair:4   | 12662 ||| SWAPPING to +0 spectral war axe.
 12680 | Lair:4   | 12680 ||| SWAPPING to +0 flail.
 12690 | Lair:4   | 12690 ||| SWAPPING to +0 spectral war axe.
 12818 | Lair:4   | 12818 ||| INVOKING Heroism.
 12825 | Lair:4   | Reached skill level 3 in Dodging
 12843 | Lair:4   | Found a runed translucent gate.
 12844 | Lair:4   | Found a runed translucent gate.
 12846 | Lair:4   | Found a runed translucent gate.
 12847 | Lair:4   | Noticed an acid blob
 12847 | Lair:4   | Noticed an acid blob
 12848 | Lair:4   | Noticed an acid blob
 12848 | Lair:4   | Noticed an azure jelly
 12849 | Lair:4   | Noticed an azure jelly
 12849 | Lair:4   | Noticed an azure jelly
 12849 | Lair:4   | Noticed Fifowuza's ghost (journeyman DrTm)
 12850 | Lair:4   | Noticed an acid blob
 12850 | Lair:4   | Noticed an azure jelly
 13113 | Lair:4   | Found a viscous altar of Jiyva.
 13219 | Lair:4   | 13219 ||| INVOKING Heroism.
 13274 | Lair:5   | Entered Level 5 of the Lair of Beasts
 13275 | Lair:5   | 13275 ||| INVOKING Heroism.
 13276 | Lair:5   | 13276 ||| STAIRDANCE
 13346 | Lair:5   | 13346 ||| STAIRDANCE
 13421 | Lair:5   | 13421 ||| STAIRDANCE
 13487 | Lair:5   | 13487 ||| STAIRDANCE
 13554 | Lair:5   | 13554 ||| STAIRDANCE
 13683 | Lair:5   | 13683 ||| STAIRDANCE
 13776 | Lair:5   | 13776 ||| STAIRDANCE
 13841 | Lair:5   | 13841 ||| STAIRDANCE
 13908 | Lair:5   | 13908 ||| STAIRDANCE
 13983 | Lair:5   | 13983 ||| Stepping ~*~*~tactically~*~*~ (stealth).
 13986 | Lair:5   | Received a gift from Okawaru
 14043 | Lair:5   | 14043 ||| Stepping ~*~*~tactically~*~*~ (stealth).
 14044 | Lair:5   | 14044 ||| Stepping ~*~*~tactically~*~*~ (stealth).
 14046 | Lair:5   | 14046 ||| INVOKING Heroism.
 14050 | Lair:5   | 14050 ||| Stepping ~*~*~tactically~*~*~ (stealth).
 14058 | Lair:5   | Received a gift from Okawaru
 14110 | Lair:5   | 14110 ||| Stepping ~*~*~tactically~*~*~ (stealth).
 14111 | Lair:5   | 14111 ||| Stepping ~*~*~tactically~*~*~ (stealth).
 14158 | Lair:5   | 14158 ||| Stepping ~*~*~tactically~*~*~ (stealth).
 14159 | Lair:5   | 14159 ||| Stepping ~*~*~tactically~*~*~ (stealth).
 14160 | Lair:5   | 14160 ||| Stepping ~*~*~tactically~*~*~ (stealth).
 14161 | Lair:5   | 14161 ||| Stepping ~*~*~tactically~*~*~ (stealth).
 14163 | Lair:5   | 14163 ||| Stepping ~*~*~tactically~*~*~ (hiding).
 14170 | Lair:5   | 14170 ||| INVOKING Heroism.
 14214 | Lair:5   | 14214 ||| Stepping ~*~*~tactically~*~*~ (stealth).
 14216 | Lair:5   | 14216 ||| INVOKING Heroism.
 14221 | Lair:5   | 14221 ||| INVOKING Finesse.
 14229 | Lair:5   | 14229 ||| SWAPPING to +0 flail.
 14238 | Lair:5   | 14238 ||| Stepping ~*~*~tactically~*~*~ (outnumbered).
 14239 | Lair:5   | 14239 ||| Stepping ~*~*~tactically~*~*~ (outnumbered).
 14240 | Lair:5   | 14240 ||| Stepping ~*~*~tactically~*~*~ (outnumbered).
 14251 | Lair:5   | 14251 ||| SWAPPING to +0 spectral war axe.
 14256 | Lair:5   | Gained mutation: Your large and strong wings let you fly.
                  | [Gargoyle growth]
 14256 | Lair:5   | Reached XP level 14. HP: 54/88 MP: 16/21
 14377 | Lair:5   | 14377 ||| INVOKING Heroism.
 14385 | Lair:5   | Reached skill level 14 in Axes
 14399 | Lair:5   | 14399 ||| Stepping ~*~*~tactically~*~*~ (stealth).
 14428 | Lair:5   | 14428 ||| Stepping ~*~*~tactically~*~*~ (stealth).
 14445 | Lair:5   | 14445 ||| Stepping ~*~*~tactically~*~*~ (stealth).
 14469 | Lair:5   | 14469 ||| Stepping ~*~*~tactically~*~*~ (stealth).
 14472 | Lair:5   | 14472 ||| Stepping ~*~*~tactically~*~*~ (hiding).
 14514 | Lair:5   | 14514 ||| Stepping ~*~*~tactically~*~*~ (hiding).
 14517 | Lair:5   | 14517 ||| INVOKING Heroism.
 14518 | Lair:5   | 14518 ||| SWAPPING to +0 flail.
 14519 | Lair:5   | 14519 ||| INVOKING Finesse.
 14520 | Lair:5   | 14520 ||| SWAPPING to +0 spectral war axe.
 14523 | Lair:5   | 14523 ||| SWAPPING to +0 flail.
 14525 | Lair:5   | 14525 ||| SWAPPING to +0 spectral war axe.
 14529 | Lair:5   | 14529 ||| SWAPPING to +0 flail.
 14542 | Lair:5   | 14542 ||| SWAPPING to +0 spectral war axe.
 14560 | Lair:5   | 14560 ||| Stepping ~*~*~tactically~*~*~ (stealth).
 14576 | Lair:5   | 14576 ||| Stepping ~*~*~tactically~*~*~ (stealth).
 14688 | Lair:5   | 14688 ||| INVOKING Heroism.
 14709 | Lair:5   | 14709 ||| Stepping ~*~*~tactically~*~*~ (stealth).
 14747 | Lair:5   | 14747 ||| INVOKING Heroism.
 14783 | Lair:5   | 14783 ||| Stepping ~*~*~tactically~*~*~ (stealth).
 14790 | Lair:5   | 14790 ||| INVOKING Heroism.
 14804 | Lair:5   | 14804 ||| Stepping ~*~*~tactically~*~*~ (stealth).
 14812 | Lair:5   | 14812 ||| Stepping ~*~*~tactically~*~*~ (stealth).
 14911 | Lair:5   | 14911 ||| INVOKING Heroism.
 14974 | Lair:5   | 14974 ||| INVOKING Heroism.
 15061 | Lair:5   | 15061 ||| Stepping ~*~*~tactically~*~*~ (stealth).
 15078 | Lair:5   | Reached skill level 12 in Shields
 15147 | Lair:5   | 15147 ||| INVOKING Heroism.
 15148 | Lair:5   | 15148 ||| Stepping ~*~*~tactically~*~*~ (stealth).
 15149 | Lair:5   | 15149 ||| Stepping ~*~*~tactically~*~*~ (stealth).
 15150 | Lair:5   | 15150 ||| INVOKING Finesse.
 15194 | Lair:5   | Received a gift from Okawaru
 15285 | Lair:5   | Found a viscous altar of Jiyva.
 15285 | Lair:5   | Found a staircase to the Slime Pits.
 15296 | Lair:5   | 15296 ||| INVOKING Heroism.
 15330 | Lair:5   | 15330 ||| FLEEEEING.
 15331 | Lair:5   | 15331 ||| FLEEEEING.
 15332 | Lair:5   | 15332 ||| FLEEEEING.
 15333 | Lair:5   | 15333 ||| FLEEEEING.
 15334 | Lair:5   | 15334 ||| FLEEEEING.
 15335 | Lair:5   | 15335 ||| FLEEEEING.
 15336 | Lair:5   | 15336 ||| FLEEEEING.
 15337 | Lair:5   | 15337 ||| FLEEEEING.
 15338 | Lair:5   | 15338 ||| FLEEEEING.
 15339 | Lair:5   | 15339 ||| FLEEEEING.
 15340 | Lair:5   | 15340 ||| FLEEEEING.
 15341 | Lair:5   | 15341 ||| FLEEEEING.
 15342 | Lair:5   | 15342 ||| FLEEEEING.
 15343 | Lair:5   | 15343 ||| FLEEEEING.
 15344 | Lair:5   | 15344 ||| FLEEEEING.
 15345 | Lair:5   | 15345 ||| FLEEEEING.
 15346 | Lair:5   | 15346 ||| FLEEEEING.
 15347 | Lair:5   | 15347 ||| FLEEEEING.
 15348 | Lair:5   | 15348 ||| FLEEEEING.
 15349 | Lair:5   | 15349 ||| FLEEEEING.
 15350 | Lair:5   | 15350 ||| FLEEEEING.
 15351 | Lair:5   | 15351 ||| FLEEEEING.
 15352 | Lair:5   | 15352 ||| FLEEEEING.
 15353 | Lair:5   | 15353 ||| FLEEEEING.
 15354 | Lair:5   | 15354 ||| FLEEEEING.
 15355 | Lair:5   | 15355 ||| FLEEEEING.
 15356 | Lair:5   | 15356 ||| FLEEEEING.
 15357 | Lair:5   | 15357 ||| STAIRDANCE
 15388 | Lair:4   | 15388 ||| READING 5 scrolls of identify.
 15388 | Lair:4   | 15388 ||| IDENTIFYING fizzy orange potion
 15420 | Lair:5   | 15420 ||| INVOKING Heroism.
 15518 | Lair:5   | 15518 ||| FLEEEEING.
 15519 | Lair:5   | 15519 ||| FLEEEEING.
 15520 | Lair:5   | 15520 ||| FLEEEEING.
 15521 | Lair:5   | 15521 ||| FLEEEEING.
 15522 | Lair:5   | 15522 ||| FLEEEEING.
 15523 | Lair:5   | 15523 ||| FLEEEEING.
 15532 | Lair:5   | 15532 ||| INVOKING Heroism.
 15671 | Lair:5   | 15671 ||| Stepping ~*~*~tactically~*~*~ (stealth).
 15673 | Lair:5   | 15673 ||| Stepping ~*~*~tactically~*~*~ (stealth).
 15677 | Lair:5   | 15677 ||| Stepping ~*~*~tactically~*~*~ (stealth).
 15735 | Lair:5   | 15735 ||| Stepping ~*~*~tactically~*~*~ (stealth).
 15739 | Lair:5   | 15739 ||| Stepping ~*~*~tactically~*~*~ (stealth).
 15754 | Lair:5   | 15754 ||| Stepping ~*~*~tactically~*~*~ (stealth).
 15791 | Lair:5   | 15791 ||| INVOKING Heroism.
 15810 | Lair:5   | Reached skill level 15 in Axes
 15872 | Lair:5   | 15872 ||| INVOKING Heroism.
 16193 | Lair:5   | 16193 ||| INVOKING Heroism.
 16229 | Lair:5   | 16229 ||| Stepping ~*~*~tactically~*~*~ (stealth).
 16255 | Lair:5   | 16255 ||| Stepping ~*~*~tactically~*~*~ (stealth).
 16266 | Lair:5   | 16266 ||| Stepping ~*~*~tactically~*~*~ (stealth).
 16268 | Lair:5   | 16268 ||| INVOKING Heroism.
 16269 | Lair:5   | 16269 ||| Stepping ~*~*~tactically~*~*~ (stealth).
 16303 | Lair:5   | 16303 ||| Stepping ~*~*~tactically~*~*~ (stealth).
 16390 | Lair:5   | 16390 ||| Stepping ~*~*~tactically~*~*~ (stealth).
 16637 | Lair:5   | 16637 ||| PLANNING D:1-11
 16637 | Lair:5   | 16637 ||| UPGRADING to +2 pair of boots of stealth.
 16647 | Lair:5   | 16647 ||| DROPPING +0 pair of boots.
 16778 | D:11     | 16778 ||| Stepping randomly (disturbance).
 16782 | D:11     | 16782 ||| Stepping randomly (disturbance).
 16793 | D:11     | Identified the +2 pair of gloves of Satisfaction {MP+9
                  | Str+2} (Okawaru gifted it to you on level 11 of the
                  | Dungeon)
 16793 | D:11     | Received a gift from Okawaru
 17056 | D:11     | 17056 ||| INVOKING Heroism.
 17075 | D:11     | Reached skill level 12 in Fighting
 17114 | D:11     | 17114 ||| Stepping ~*~*~tactically~*~*~ (stealth).
 17145 | D:11     | 17145 ||| Stepping ~*~*~tactically~*~*~ (hiding).
 17150 | D:11     | 17150 ||| Stepping ~*~*~tactically~*~*~ (hiding).
 17151 | D:11     | 17151 ||| Stepping ~*~*~tactically~*~*~ (hiding).
 17166 | D:11     | 17166 ||| Stepping ~*~*~tactically~*~*~ (hiding).
 17292 | D:11     | 17292 ||| FLEEEEING.
 17293 | D:11     | 17293 ||| FLEEEEING.
 17307 | D:11     | Reached XP level 15. HP: 91/96 MP: 22/22
 17432 | D:11     | 17432 ||| INVOKING Heroism.
 17433 | D:11     | 17433 ||| Stepping ~*~*~tactically~*~*~ (stealth).
 17498 | D:11     | 17498 ||| UPGRADING to +2 pair of gloves of Satisfaction
                  | {MP+9 Str+2}.
 17503 | D:11     | 17503 ||| Stepping ~*~*~tactically~*~*~ (stealth).
 17509 | D:11     | 17509 ||| UPGRADING to +2 pair of gloves of Satisfaction
                  | {MP+9 Str+2}.
 17528 | D:11     | 17528 ||| DROPPING +2 pair of gloves.
 17566 | D:11     | 17566 ||| Stepping ~*~*~tactically~*~*~ (stealth).
 17567 | D:11     | 17567 ||| Stepping ~*~*~tactically~*~*~ (stealth).
 17568 | D:11     | 17568 ||| INVOKING Heroism.
 17569 | D:11     | 17569 ||| SWAPPING to +0 flail.
 17570 | D:11     | 17570 ||| INVOKING Finesse.
 17575 | D:11     | 17575 ||| Stepping ~*~*~tactically~*~*~ (outnumbered).
 17579 | D:11     | 17579 ||| Stepping ~*~*~tactically~*~*~ (outnumbered).
 17580 | D:11     | 17580 ||| SWAPPING to +0 spectral war axe.
 17582 | D:11     | 17582 ||| SWAPPING to +0 flail.
 17584 | D:11     | 17584 ||| SWAPPING to +0 spectral war axe.
 17586 | D:11     | 17586 ||| SWAPPING to +0 flail.
 17589 | D:11     | 17589 ||| SWAPPING to +0 spectral war axe.
 17591 | D:11     | 17591 ||| SWAPPING to +0 flail.
 17594 | D:11     | 17594 ||| SWAPPING to +0 spectral war axe.
 17823 | D:11     | 17823 ||| FLEEEEING.
 17824 | D:11     | 17824 ||| FLEEEEING.
 17825 | D:11     | 17825 ||| FLEEEEING.
 17827 | D:11     | 17827 ||| FLEEEEING.
 17828 | D:11     | 17828 ||| FLEEEEING.
 17829 | D:11     | 17829 ||| FLEEEEING.
 17830 | D:11     | 17830 ||| FLEEEEING.
 17832 | D:11     | 17832 ||| FLEEEEING.
 17833 | D:11     | 17833 ||| FLEEEEING.
 17839 | D:11     | 17839 ||| FLEEEEING.
 17840 | D:11     | 17840 ||| FLEEEEING.
 17841 | D:11     | 17841 ||| FLEEEEING.
 17842 | D:11     | 17842 ||| FLEEEEING.
 17843 | D:11     | 17843 ||| FLEEEEING.
 17844 | D:11     | 17844 ||| FLEEEEING.
 17850 | D:11     | 17850 ||| FLEEEEING.
 17851 | D:11     | 17851 ||| STAIRDANCE
 17973 | D:11     | 17973 ||| PLANNING D
 17992 | D:12     | 17992 ||| STAIRDANCE
 17999 | D:12     | 17999 ||| STAIRDANCE
 18006 | D:12     | 18006 ||| STAIRDANCE
 18090 | D:12     | 18090 ||| Stepping ~*~*~tactically~*~*~ (stealth).
 18127 | D:12     | 18127 ||| INVOKING Heroism.
 18285 | D:12     | 18285 ||| Stepping randomly (disturbance).
 18295 | D:12     | 18295 ||| Stepping ~*~*~tactically~*~*~ (stealth).
 18339 | D:12     | 18339 ||| Stepping ~*~*~tactically~*~*~ (stealth).
 18340 | D:12     | 18340 ||| Stepping ~*~*~tactically~*~*~ (stealth).
 18371 | D:12     | 18371 ||| Stepping ~*~*~tactically~*~*~ (stealth).
 18413 | D:12     | 18413 ||| Stepping ~*~*~tactically~*~*~ (hiding).
 18414 | D:12     | 18414 ||| INVOKING Heroism.
 18784 | D:12     | Found a staircase to the Orcish Mines.
 18950 | D:12     | 18950 ||| READING 5 scrolls labelled TEDEUGGEITS.
 18951 | D:12     | 18951 ||| DROPPING 4 scrolls of amnesia.
 18968 | D:13     | 18968 ||| INVOKING Heroism.
 18977 | D:13     | Reached skill level 16 in Axes
 19410 | D:13     | 19410 ||| Stepping ~*~*~tactically~*~*~ (hiding).
 19426 | D:13     | 19426 ||| INVOKING Heroism.
 19929 | D:14     | 19929 ||| Stepping ~*~*~tactically~*~*~ (hiding).
 19936 | D:14     | 19936 ||| INVOKING Heroism.
 20154 | D:14     | 20154 ||| FLEEEEING.
 20158 | D:14     | 20158 ||| STAIRDANCE
 20254 | D:14     | 20254 ||| Stepping ~*~*~tactically~*~*~ (hiding).
 20309 | D:14     | 20309 ||| Stepping ~*~*~tactically~*~*~ (stealth).
 20313 | D:14     | 20313 ||| INVOKING Heroism.
 20528 | D:14     | Found a radiant altar of Vehumet.
 20617 | D:14     | 20617 ||| SWAPPING to +1 broad axe.
 20618 | D:14     | 20618 ||| DROPPING +0 spectral war axe.
 20619 | D:14     | 20619 ||| READING scroll of brand weapon.
 20619 | D:14     | 20619 ||| BRANDING +1 broad axe.
 20675 | D:14     | 20675 ||| Stepping ~*~*~tactically~*~*~ (stealth).
 20739 | D:14     | 20739 ||| Stepping ~*~*~tactically~*~*~ (hiding).
 20741 | D:14     | 20741 ||| Stepping ~*~*~tactically~*~*~ (hiding).
 20878 | D:14     | 20878 ||| INVOKING Heroism.
 20879 | D:14     | 20879 ||| INVOKING Finesse.
 20880 | D:14     | 20880 ||| SWAPPING to +0 flail.
 20906 | D:14     | Reached skill level 12 in Armour
 20913 | D:14     | 20913 ||| SWAPPING to +1 broad axe of electrocution.
 20962 | D:14     | Found a gate to the Vaults.
 21044 | D:14     | Found a portal to a secret trove of treasure.
 21110 | D:14     | Identified the +6 scale mail "Zoetsuown" {rPois Str-5 Int+3
                  | Dex+4} (Okawaru gifted it to you on level 14 of the
                  | Dungeon)
 21110 | D:14     | Received a gift from Okawaru
 21156 | D:14     | 21156 ||| Stepping ~*~*~tactically~*~*~ (stealth).
 21273 | D:14     | 21273 ||| Stepping ~*~*~tactically~*~*~ (hiding).
 21288 | D:14     | 21288 ||| INVOKING Heroism.
 21645 | D:14     | 21645 ||| READING 14 scrolls of identify.
 21645 | D:14     | 21645 ||| IDENTIFYING inky potion
 21646 | D:14     | 21646 ||| DROPPING potion of ambrosia.
 21651 | D:15     | Entered Level 15 of the Dungeon
 21699 | D:15     | 21699 ||| INVOKING Heroism.
 21968 | D:15     | 21968 ||| Stepping ~*~*~tactically~*~*~ (hiding).
 21972 | D:15     | 21972 ||| INVOKING Heroism.
 22016 | D:15     | Found a staircase to the Depths.
 22020 | D:15     | 22020 ||| READING scroll of brand weapon.
 22020 | D:15     | 22020 ||| BRANDING +1 broad axe of electrocution.
 22134 | D:15     | 22134 ||| Stepping ~*~*~tactically~*~*~ (hiding).
 22136 | D:15     | 22136 ||| Stepping ~*~*~tactically~*~*~ (hiding).
 22405 | D:15     | 22405 ||| PLANNING ORC
 22405 | D:15     | 22405 ||| READING scroll labelled URIROS TUCOM.
 22405 | D:15     | Identified a scroll of acquirement
 22405 | D:15     | 22405 ||| ACQUIRING +2 buckler of Imperfection {rCorr Dex+4
                  | Slay+3}
 22405 | D:15     | Acquired the +2 buckler of Imperfection {rCorr Dex+4
                  | Slay+3}
 22510 | Orc:1    | Entered Level 1 of the Orcish Mines
 22511 | Orc:1    | Noticed Maurice
 22512 | Orc:1    | 22512 ||| INVOKING Heroism.
 22513 | Orc:1    | Noticed Erica
 22524 | Orc:1    | Killed Maurice
 22526 | Orc:1    | Killed Erica
 22527 | Orc:1    | Reached XP level 16. HP: 92/101 MP: 23/23
 22529 | Orc:1    | 22529 ||| DRINKING 9 potions of curing.
 22529 | Orc:1    | 22529 ||| (to cure confusion)
 22540 | Orc:1    | 22540 ||| DROPPING +0 flail.
 22604 | Orc:1    | 22604 ||| Stepping ~*~*~tactically~*~*~ (stealth).
 22606 | Orc:1    | 22606 ||| Stepping ~*~*~tactically~*~*~ (stealth).
 22607 | Orc:1    | 22607 ||| Stepping ~*~*~tactically~*~*~ (stealth).
 22609 | Orc:1    | Noticed Snorg
 22610 | Orc:1    | 22610 ||| Stepping ~*~*~tactically~*~*~ (stealth).
 22612 | Orc:1    | 22612 ||| INVOKING Finesse.
 22629 | Orc:1    | 22629 ||| INVOKING Heroism.
 22632 | Orc:1    | Killed Snorg
 22720 | Orc:1    | 22720 ||| INVOKING Heroism.
 22893 | Orc:2    | Entered Level 2 of the Orcish Mines
 22902 | Orc:2    | 22902 ||| INVOKING Heroism.
 22970 | Orc:2    | Found a staircase to the Elven Halls.
 23001 | Orc:2    | 23001 ||| INVOKING Heroism.
 23002 | Orc:2    | 23002 ||| INVOKING Finesse.
 23090 | Orc:1    | 23090 ||| INVOKING Heroism.
 23264 | Orc:1    | 23264 ||| Stepping ~*~*~tactically~*~*~ (stealth).
 23266 | Orc:1    | 23266 ||| Stepping ~*~*~tactically~*~*~ (stealth).
 23268 | Orc:1    | 23268 ||| Stepping ~*~*~tactically~*~*~ (hiding).
 23275 | Orc:1    | 23275 ||| INVOKING Heroism.
 23277 | Orc:1    | 23277 ||| INVOKING Finesse.
 23302 | Orc:1    | 23302 ||| INVOKING Heroism.
 23437 | Orc:2    | 23437 ||| Stepping ~*~*~tactically~*~*~ (hiding).
 23440 | Orc:2    | 23440 ||| Stepping ~*~*~tactically~*~*~ (hiding).
 23451 | Orc:2    | 23451 ||| Stepping ~*~*~tactically~*~*~ (stealth).
 23458 | Orc:2    | 23458 ||| FLEEEEING.
 23459 | Orc:2    | 23459 ||| FLEEEEING.
 23460 | Orc:2    | 23460 ||| FLEEEEING.
 23461 | Orc:2    | 23461 ||| FLEEEEING.
 23462 | Orc:2    | 23462 ||| FLEEEEING.
 23463 | Orc:2    | 23463 ||| FLEEEEING.
 23464 | Orc:2    | 23464 ||| STAIRDANCE
 23494 | Orc:2    | 23494 ||| STAIRDANCE
 23539 | Orc:2    | 23539 ||| Stepping ~*~*~tactically~*~*~ (stealth).
 23575 | Orc:2    | 23575 ||| INVOKING Heroism.
 23590 | Orc:2    | Reached skill level 17 in Axes
 23637 | Orc:2    | 23637 ||| Stepping ~*~*~tactically~*~*~ (stealth).
 23962 | Orc:2    | 23962 ||| FLEEEEING.
 23963 | Orc:2    | 23963 ||| FLEEEEING.
 23964 | Orc:2    | 23964 ||| FLEEEEING.
 23965 | Orc:2    | 23965 ||| FLEEEEING.
 23966 | Orc:2    | 23966 ||| FLEEEEING.
 23967 | Orc:2    | 23967 ||| FLEEEEING.
 23968 | Orc:2    | 23968 ||| FLEEEEING.
 23969 | Orc:2    | 23969 ||| FLEEEEING.
 23970 | Orc:2    | 23970 ||| FLEEEEING.
 23971 | Orc:2    | 23971 ||| FLEEEEING.
 23972 | Orc:2    | 23972 ||| FLEEEEING.
 23973 | Orc:2    | 23973 ||| FLEEEEING.
 23974 | Orc:2    | 23974 ||| FLEEEEING.
 23975 | Orc:2    | 23975 ||| FLEEEEING.
 23976 | Orc:2    | 23976 ||| FLEEEEING.
 23977 | Orc:2    | 23977 ||| FLEEEEING.
 23978 | Orc:2    | 23978 ||| FLEEEEING.
 23980 | Orc:2    | 23980 ||| FLEEEEING.
 23981 | Orc:2    | 23981 ||| FLEEEEING.
 23982 | Orc:2    | 23982 ||| FLEEEEING.
 23983 | Orc:2    | 23983 ||| FLEEEEING.
 23984 | Orc:2    | 23984 ||| FLEEEEING.
 23985 | Orc:2    | 23985 ||| FLEEEEING.
 23986 | Orc:2    | 23986 ||| FLEEEEING.
 23988 | Orc:2    | 23988 ||| FLEEEEING.
 23989 | Orc:2    | 23989 ||| FLEEEEING.
 23991 | Orc:2    | 23991 ||| FLEEEEING.
 23992 | Orc:2    | 23992 ||| FLEEEEING.
 23993 | Orc:2    | 23993 ||| FLEEEEING.
 23994 | Orc:2    | 23994 ||| FLEEEEING.
 23995 | Orc:2    | 23995 ||| FLEEEEING.
 24010 | Orc:2    | 24010 ||| FLEEEEING.
 24011 | Orc:2    | 24011 ||| FLEEEEING.
 24081 | Orc:2    | 24081 ||| INVOKING Heroism.
 24245 | Orc:2    | 24245 ||| INVOKING Heroism.
 24350 | Orc:2    | 24350 ||| INVOKING Heroism.
 24362 | Orc:2    | 24362 ||| Stepping ~*~*~tactically~*~*~ (hiding).
 24377 | Orc:2    | Found Qiwn's Armour Boutique.
 24379 | Orc:2    | Found Vurauso's Armour Boutique.
 24386 | Orc:2    | 24386 ||| BUYING +0 pair of gloves of Sorcery {rC+} (240
                  | gold).
 24386 | Orc:2    | Bought the +0 pair of gloves of Sorcery {rC+} for 240 gold
                  | pieces
 24386 | Orc:2    | 24386 ||| BUYING +10 chain mail of the Pleiades {Regen+
                  | Int+8 Dex-2 Stlth+} (999 gold).
 24386 | Orc:2    | Bought the +10 chain mail of the Pleiades {Regen+ Int+8
                  | Dex-2 Stlth+} for 999 gold pieces
 24403 | Orc:2    | 24403 ||| INVOKING Heroism.
 24404 | Orc:2    | 24404 ||| Stepping ~*~*~tactically~*~*~ (hiding).
 24409 | Orc:2    | 24409 ||| Stepping ~*~*~tactically~*~*~ (hiding).
 24410 | Orc:2    | 24410 ||| Stepping ~*~*~tactically~*~*~ (hiding).
 24411 | Orc:2    | 24411 ||| Stepping ~*~*~tactically~*~*~ (hiding).
 24412 | Orc:2    | 24412 ||| Stepping ~*~*~tactically~*~*~ (hiding).
 24433 | Orc:2    | 24433 ||| INVOKING Heroism.
 24533 | Orc:2    | 24533 ||| FLEEEEING.
 24534 | Orc:2    | 24534 ||| FLEEEEING.
 24535 | Orc:2    | 24535 ||| FLEEEEING.
 24536 | Orc:2    | 24536 ||| FLEEEEING.
 24537 | Orc:2    | 24537 ||| FLEEEEING.
 24539 | Orc:2    | 24539 ||| FLEEEEING.
 24540 | Orc:2    | 24540 ||| FLEEEEING.
 24541 | Orc:2    | 24541 ||| FLEEEEING.
 24543 | Orc:2    | 24543 ||| FLEEEEING.
 24544 | Orc:2    | 24544 ||| FLEEEEING.
 24545 | Orc:2    | 24545 ||| FLEEEEING.
 24546 | Orc:2    | 24546 ||| FLEEEEING.
 24547 | Orc:2    | 24547 ||| FLEEEEING.
 24548 | Orc:2    | 24548 ||| FLEEEEING.
 24549 | Orc:2    | 24549 ||| FLEEEEING.
 24550 | Orc:2    | 24550 ||| FLEEEEING.
 24551 | Orc:2    | 24551 ||| FLEEEEING.
 24552 | Orc:2    | 24552 ||| FLEEEEING.
 24553 | Orc:2    | 24553 ||| FLEEEEING.
 24625 | Orc:2    | Found Laubaryi's Antique Weapon Shop.
 24626 | Orc:2    | 24626 ||| INVOKING Heroism.
 24627 | Orc:2    | 24627 ||| INVOKING Finesse.
 24774 | Orc:2    | Found Domoov's Assorted Antiques.
 24780 | Orc:2    | 24780 ||| BUYING large marble ring (165 gold).
 24780 | Orc:2    | Bought a large marble ring for 165 gold pieces
 24780 | Orc:2    | 24780 ||| BUYING potion of haste (330 gold).
 24780 | Orc:2    | Bought a potion of haste for 330 gold pieces
 24780 | Orc:2    | 24780 ||| BUYING silver ring (165 gold).
 24780 | Orc:2    | Bought a silver ring for 165 gold pieces
 24810 | Orc:2    | 24810 ||| INVOKING Heroism.
 24901 | Orc:2    | 24901 ||| PLANNING SWAMP:1-3
 24901 | Orc:2    | 24901 ||| DROPPING +0 chain mail of fire resistance.
 24902 | Orc:2    | 24902 ||| DROPPING +4 skin of Zhor {*Englaciate rC+++
                  | SInv}.
 24903 | Orc:2    | 24903 ||| DROPPING +0 ice dragon scales.
 24904 | Orc:2    | 24904 ||| UPGRADING to +2 plate armour of fire resistance.
 24914 | Orc:2    | 24914 ||| DROPPING +0 plate armour.
 24915 | Orc:2    | 24915 ||| UPGRADING to +10 chain mail of the Pleiades
                  | {Regen+ Int+8 Dex-2 Stlth+}.
 24925 | Orc:2    | 24925 ||| DROPPING +2 plate armour of fire resistance.
 24926 | Orc:2    | 24926 ||| UPGRADING to +6 ring of strength.
 24928 | Orc:2    | 24928 ||| UPGRADING to +4 ring of evasion.
 24930 | Orc:2    | 24930 ||| DROPPING +6 ring of dexterity.
 24931 | Orc:2    | 24931 ||| DROPPING +6 ring of strength.
 25139 | Swamp:1  | Entered Level 1 of the Swamp
 25181 | Swamp:1  | Reached skill level 6 in Throwing
 25259 | Swamp:1  | Noticed Aizul
 25260 | Swamp:1  | 25260 ||| Stepping ~*~*~tactically~*~*~ (hiding).
 25263 | Swamp:1  | 25263 ||| INVOKING Heroism.
 25264 | Swamp:1  | 25264 ||| INVOKING Finesse.
 25284 | Swamp:1  | Killed Aizul
 25310 | Swamp:1  | 25310 ||| Stepping ~*~*~tactically~*~*~ (hiding).
 25497 | Swamp:1  | Found a runed translucent door.
 25499 | Swamp:1  | 25499 ||| Stepping ~*~*~tactically~*~*~ (hiding).
 25502 | Swamp:1  | 25502 ||| INVOKING Heroism.
 25540 | Swamp:1  | Noticed Ysuot's ghost (journeyman OpWn)
 25540 | Swamp:1  | Identified the +9 trident of Lochucef {vorpal, Will+ Int+4}
 25644 | Swamp:1  | 25644 ||| Stepping ~*~*~tactically~*~*~ (hiding).
 25645 | Swamp:1  | 25645 ||| Stepping ~*~*~tactically~*~*~ (hiding).
 26050 | Swamp:1  | 26050 ||| Stepping ~*~*~tactically~*~*~ (hiding).
 26057 | Swamp:1  | 26057 ||| INVOKING Heroism.
 26121 | Swamp:1  | 26121 ||| Stepping ~*~*~tactically~*~*~ (stealth).
 26122 | Swamp:1  | 26122 ||| Stepping ~*~*~tactically~*~*~ (stealth).
 26135 | Swamp:1  | 26135 ||| INVOKING Heroism.
 26136 | Swamp:1  | 26136 ||| INVOKING Finesse.
 26137 | Swamp:1  | 26137 ||| SWAPPING to +4 morningstar of protection.
 26138 | Swamp:1  | 26138 ||| Stepping ~*~*~tactically~*~*~ (outnumbered).
 26139 | Swamp:1  | 26139 ||| SWAPPING to +1 broad axe of protection.
 26140 | Swamp:1  | 26140 ||| SWAPPING to +4 morningstar of protection.
 26144 | Swamp:1  | 26144 ||| Stepping ~*~*~tactically~*~*~ (outnumbered).
 26145 | Swamp:1  | 26145 ||| Stepping ~*~*~tactically~*~*~ (outnumbered).
 26149 | Swamp:1  | 26149 ||| Stepping ~*~*~tactically~*~*~ (outnumbered).
 26152 | Swamp:1  | 26152 ||| SWAPPING to +1 broad axe of protection.
 26157 | Swamp:1  | 26157 ||| SWAPPING to +4 morningstar of protection.
 26159 | Swamp:1  | 26159 ||| Stepping ~*~*~tactically~*~*~ (outnumbered).
 26161 | Swamp:1  | 26161 ||| Stepping ~*~*~tactically~*~*~ (outnumbered).
 26171 | Swamp:1  | 26171 ||| SWAPPING to +1 broad axe of protection.
 26283 | Swamp:1  | 26283 ||| Stepping ~*~*~tactically~*~*~ (stealth).
 26288 | Swamp:1  | 26288 ||| Stepping ~*~*~tactically~*~*~ (hiding).
 26412 | Swamp:1  | Found an ancient bone altar of Kikubaaqudgha.
 26535 | Swamp:1  | 26535 ||| DROPPING +4 ring of slaying {mikee}.
 26542 | Swamp:2  | 26542 ||| Stepping ~*~*~tactically~*~*~ (hiding).
 26566 | Swamp:2  | 26566 ||| INVOKING Heroism.
 26573 | Swamp:2  | Received a gift from Okawaru
 26582 | Swamp:2  | Reached skill level 18 in Axes
 26584 | Swamp:2  | Noticed a fenstrider witch
 26585 | Swamp:2  | 26585 ||| Stepping ~*~*~tactically~*~*~ (stealth).
 26593 | Swamp:2  | 26593 ||| INVOKING Finesse.
 26594 | Swamp:2  | Killed a fenstrider witch
 26597 | Swamp:2  | 26597 ||| SWAPPING to +4 morningstar of protection.
 26605 | Swamp:2  | 26605 ||| SWAPPING to +1 broad axe of protection.
 26620 | Swamp:2  | 26620 ||| SWAPPING to +4 morningstar of protection.
 26625 | Swamp:2  | 26625 ||| SWAPPING to +1 broad axe of protection.
 26647 | Swamp:2  | 26647 ||| INVOKING Heroism.
 26701 | Swamp:2  | 26701 ||| Stepping ~*~*~tactically~*~*~ (hiding).
 26801 | Swamp:2  | Noticed a thorn hunter
 26803 | Swamp:2  | 26803 ||| INVOKING Heroism.
 26804 | Swamp:2  | 26804 ||| INVOKING Finesse.
 26836 | Swamp:2  | Killed a thorn hunter
 26836 | Swamp:2  | Received a gift from Okawaru
 26920 | Swamp:2  | 26920 ||| INVOKING Heroism.
 26938 | Swamp:2  | 26938 ||| Stepping ~*~*~tactically~*~*~ (hiding).
 26952 | Swamp:2  | Noticed a thorn hunter
 26953 | Swamp:2  | 26953 ||| Stepping ~*~*~tactically~*~*~ (hiding).
 26957 | Swamp:2  | 26957 ||| INVOKING Finesse.
 26968 | Swamp:2  | Killed a thorn hunter
 26969 | Swamp:2  | Reached XP level 17. HP: 110/110 MP: 24/24
 27161 | Swamp:2  | 27161 ||| Stepping ~*~*~tactically~*~*~ (hiding).
 27310 | Swamp:2  | 27310 ||| INVOKING Heroism.
 27518 | Swamp:2  | 27518 ||| Stepping ~*~*~tactically~*~*~ (hiding).
 27520 | Swamp:2  | 27520 ||| Stepping ~*~*~tactically~*~*~ (hiding).
 27757 | Swamp:3  | 27757 ||| INVOKING Heroism.
 27771 | Swamp:3  | 27771 ||| SWAPPING to +4 morningstar of protection.
 27772 | Swamp:3  | 27772 ||| Stepping ~*~*~tactically~*~*~ (outnumbered).
 27773 | Swamp:3  | 27773 ||| Stepping ~*~*~tactically~*~*~ (outnumbered).
 27789 | Swamp:3  | HP: 19/111 [swamp worm[a spriggan druid] (14)]
 27790 | Swamp:3  | 27790 ||| READING 11 scrolls of teleportation.
 27790 | Swamp:3  | HP: 5/111 [swamp worm[a spriggan druid] (15)]
 27791 | Swamp:3  | 27791 ||| DRINKING 4 potions of heal wounds.
 27792 | Swamp:3  | 27792 ||| INVOKING Heroism.
 27795 | Swamp:3  | 27795 ||| SWAPPING to +1 broad axe of protection.
 27893 | Swamp:3  | 27893 ||| Stepping randomly (stuck).
 27894 | Swamp:3  | 27894 ||| Stepping randomly (stuck).
 27895 | Swamp:3  | 27895 ||| Stepping randomly (stuck).
 27896 | Swamp:3  | 27896 ||| Stepping randomly (stuck).
 27897 | Swamp:3  | 27897 ||| Stepping randomly (stuck).
 27898 | Swamp:3  | 27898 ||| Stepping randomly (stuck).
 27899 | Swamp:3  | 27899 ||| Stepping randomly (stuck).
 27900 | Swamp:3  | 27900 ||| Stepping randomly (stuck).
 27901 | Swamp:3  | 27901 ||| Stepping randomly (stuck).
 27902 | Swamp:3  | 27902 ||| Stepping randomly (stuck).
 27903 | Swamp:3  | 27903 ||| Stepping randomly (stuck).
 27904 | Swamp:3  | 27904 ||| Stepping randomly (stuck).
 27905 | Swamp:3  | 27905 ||| Stepping randomly (stuck).
 27906 | Swamp:3  | 27906 ||| Stepping randomly (stuck).
 27907 | Swamp:3  | 27907 ||| Stepping randomly (stuck).
 27908 | Swamp:3  | 27908 ||| Stepping randomly (stuck).
 27909 | Swamp:3  | 27909 ||| Stepping randomly (stuck).
 27910 | Swamp:3  | 27910 ||| Stepping randomly (stuck).
 27911 | Swamp:3  | 27911 ||| Stepping randomly (stuck).
 27912 | Swamp:3  | 27912 ||| Stepping randomly (stuck).
 27913 | Swamp:3  | 27913 ||| Stepping randomly (stuck).
 27914 | Swamp:3  | 27914 ||| Stepping randomly (stuck).
 27915 | Swamp:3  | 27915 ||| Stepping randomly (stuck).
 27916 | Swamp:3  | 27916 ||| Stepping randomly (stuck).
 27917 | Swamp:3  | 27917 ||| Stepping randomly (stuck).
 27918 | Swamp:3  | 27918 ||| Stepping randomly (stuck).
 27919 | Swamp:3  | 27919 ||| Stepping randomly (stuck).
 27920 | Swamp:3  | 27920 ||| Stepping randomly (stuck).
 27921 | Swamp:3  | 27921 ||| Stepping randomly (stuck).
 27922 | Swamp:3  | 27922 ||| Stepping randomly (stuck).
 27923 | Swamp:3  | 27923 ||| Stepping randomly (stuck).
 27924 | Swamp:3  | 27924 ||| Stepping randomly (stuck).
 27925 | Swamp:3  | 27925 ||| Stepping randomly (stuck).
 27926 | Swamp:3  | 27926 ||| Stepping randomly (stuck).
 27927 | Swamp:3  | 27927 ||| Stepping randomly (stuck).
 27928 | Swamp:3  | 27928 ||| Stepping randomly (stuck).
 27929 | Swamp:3  | 27929 ||| Stepping randomly (stuck).
 27930 | Swamp:3  | 27930 ||| Stepping randomly (stuck).
 27931 | Swamp:3  | 27931 ||| Stepping randomly (stuck).
 27932 | Swamp:3  | 27932 ||| Stepping randomly (stuck).
 27933 | Swamp:3  | 27933 ||| Stepping randomly (stuck).
 27934 | Swamp:3  | 27934 ||| Stepping randomly (stuck).
 27935 | Swamp:3  | 27935 ||| Stepping randomly (stuck).
 27936 | Swamp:3  | 27936 ||| Stepping randomly (stuck).
 27937 | Swamp:3  | 27937 ||| Stepping randomly (stuck).
 27938 | Swamp:3  | 27938 ||| Stepping randomly (stuck).
 27939 | Swamp:3  | 27939 ||| Stepping randomly (stuck).
 27940 | Swamp:3  | 27940 ||| Stepping randomly (stuck).
 27941 | Swamp:3  | 27941 ||| Stepping randomly (stuck).
 27942 | Swamp:3  | 27942 ||| Stepping randomly (stuck).
 27943 | Swamp:3  | 27943 ||| Stepping randomly (stuck).
 27944 | Swamp:3  | 27944 ||| READING 10 scrolls of teleportation.
 27946 | Swamp:3  | Noticed Louise
 27947 | Swamp:3  | 27947 ||| INVOKING Heroism.
 27967 | Swamp:3  | 27967 ||| SWAPPING to +4 morningstar of protection.
 27968 | Swamp:3  | 27968 ||| SWAPPING to +1 broad axe of protection.
 27970 | Swamp:3  | 27970 ||| SWAPPING to +4 morningstar of protection.
 27972 | Swamp:3  | 27972 ||| Stepping ~*~*~tactically~*~*~ (outnumbered).
 27972 | Swamp:3  | HP: 26/112 [seven-headed hydra (6)]
 27973 | Swamp:3  | 27973 ||| READING 9 scrolls of teleportation.
 27974 | Swamp:3  | 27974 ||| DRINKING 3 potions of heal wounds.
 27974 | Abyss:3  | Cast into level 3 of the Abyss (Louise)
 27975 | Abyss:3  | 27975 ||| SWAPPING to +1 broad axe of protection.
 28019 | Abyss:3  | 28019 ||| INVOKING Heroism.
 28104 | Abyss:3  | 28104 ||| Stepping ~*~*~tactically~*~*~ (stealth).
 28154 | Abyss:3  | Reached skill level 15 in Fighting
 28161 | Abyss:3  | Paralysed by you for 2 turns
 28173 | Abyss:3  | 28173 ||| Stepping ~*~*~tactically~*~*~ (stealth).
 28235 | Abyss:3  | 28235 ||| Stepping ~*~*~tactically~*~*~ (stealth).
 28247 | Abyss:3  | 28247 ||| Stepping ~*~*~tactically~*~*~ (stealth).
 28248 | Abyss:3  | 28248 ||| Stepping ~*~*~tactically~*~*~ (hiding).
 28253 | Abyss:3  | 28253 ||| Stepping randomly (cloudy).
 28255 | Abyss:3  | 28255 ||| Stepping ~*~*~tactically~*~*~ (stealth).
 28256 | Abyss:3  | 28256 ||| Stepping ~*~*~tactically~*~*~ (stealth).
 28322 | Abyss:3  | 28322 ||| INVOKING Heroism.
 28346 | Abyss:3  | 28346 ||| Stepping ~*~*~tactically~*~*~ (stealth).
 28357 | Abyss:3  | 28357 ||| Stepping ~*~*~tactically~*~*~ (stealth).
 28358 | Abyss:3  | 28358 ||| Stepping ~*~*~tactically~*~*~ (stealth).
 28359 | Abyss:3  | 28359 ||| Stepping ~*~*~tactically~*~*~ (stealth).
 28360 | Abyss:3  | 28360 ||| Stepping ~*~*~tactically~*~*~ (stealth).
 28361 | Abyss:3  | 28361 ||| Stepping ~*~*~tactically~*~*~ (stealth).
 28363 | Abyss:3  | 28363 ||| Stepping ~*~*~tactically~*~*~ (stealth).
 28363 | Abyss:3  | Noticed a tentacled starspawn
 28373 | Abyss:3  | Killed a tentacled starspawn
 28386 | Abyss:3  | Noticed a bone dragon
 28387 | Abyss:3  | 28387 ||| INVOKING Heroism.
 28400 | Swamp:3  | Escaped the Abyss
 28401 | Swamp:3  | 28401 ||| SWAPPING to +4 morningstar of protection.
 28402 | Swamp:3  | 28402 ||| Stepping ~*~*~tactically~*~*~ (outnumbered).
 28403 | Swamp:3  | 28403 ||| Stepping ~*~*~tactically~*~*~ (outnumbered).
 28404 | Swamp:3  | 28404 ||| SWAPPING to +1 broad axe of protection.
 28405 | Swamp:3  | 28405 ||| SWAPPING to +4 morningstar of protection.
 28406 | Swamp:3  | 28406 ||| Stepping ~*~*~tactically~*~*~ (outnumbered).
 28407 | Swamp:3  | 28407 ||| SWAPPING to +1 broad axe of protection.
 28408 | Swamp:3  | HP: 26/113 [bone dragon (12)]
 28409 | Swamp:3  | 28409 ||| READING 8 scrolls of teleportation.
 28410 | Swamp:3  | 28410 ||| DRINKING 2 potions of heal wounds.
 28412 | Swamp:3  | Noticed Donald
 28413 | Swamp:3  | 28413 ||| INVOKING Finesse.
 28420 | Swamp:3  | HP: 27/113 [Donald/+0 long sword (33)]
 28421 | Swamp:3  | 28421 ||| READING 7 scrolls of teleportation.
 28422 | Swamp:3  | 28422 ||| DRINKING potion of heal wounds.
 28426 | Swamp:3  | Killed Donald
 28426 | Swamp:3  | Received a gift from Okawaru
 28428 | Swamp:3  | 28428 ||| READING 6 scrolls of teleportation.
 28517 | Swamp:3  | 28517 ||| INVOKING Heroism.
 28575 | Swamp:3  | 28575 ||| STAIRDANCE
 28577 | Swamp:2  | 28577 ||| INVOKING Heroism.
 28578 | Swamp:2  | 28578 ||| SWAPPING to +4 morningstar of protection.
 28584 | Swamp:2  | 28584 ||| SWAPPING to +1 broad axe of protection.
 28618 | Swamp:3  | 28618 ||| INVOKING Heroism.
 28640 | Swamp:3  | Killed a bone dragon
 28643 | Swamp:3  | 28643 ||| Stepping ~*~*~tactically~*~*~ (stealth).
 28670 | Swamp:3  | 28670 ||| Stepping ~*~*~tactically~*~*~ (stealth).
 28672 | Swamp:3  | 28672 ||| INVOKING Heroism.
 28695 | Swamp:3  | Reached skill level 15 in Shields
 28720 | Swamp:4  | Entered Level 4 of the Swamp
 28721 | Swamp:4  | 28721 ||| INVOKING Heroism.
 28725 | Swamp:4  | 28725 ||| SWAPPING to +4 morningstar of protection.
 28727 | Swamp:4  | 28727 ||| INVOKING Finesse.
 28734 | Swamp:4  | Identified the +0 helmet "Wereeh" {rElec rPois Str+2 Int-5}
                  | (Okawaru gifted it to you on level 4 of the Swamp)
 28734 | Swamp:4  | Received a gift from Okawaru
 28764 | Swamp:4  | 28764 ||| Stepping ~*~*~tactically~*~*~ (outnumbered).
 28765 | Swamp:4  | 28765 ||| STAIRDANCE
 28779 | Swamp:3  | 28779 ||| SWAPPING to +1 broad axe of protection.
 28824 | Swamp:4  | 28824 ||| STAIRDANCE
 28826 | Swamp:3  | 28826 ||| INVOKING Heroism.
 28827 | Swamp:3  | 28827 ||| SWAPPING to +4 morningstar of protection.
 28834 | Swamp:3  | 28834 ||| SWAPPING to +1 broad axe of protection.
 28844 | Swamp:4  | 28844 ||| STAIRDANCE
 28846 | Swamp:3  | 28846 ||| SWAPPING to +4 morningstar of protection.
 28847 | Swamp:3  | 28847 ||| Stepping ~*~*~tactically~*~*~ (outnumbered).
 28848 | Swamp:3  | 28848 ||| Stepping ~*~*~tactically~*~*~ (outnumbered).
 28862 | Swamp:3  | 28862 ||| SWAPPING to +1 broad axe of protection.
 28905 | Abyss:3  | Found a corrupted altar of Lugonu.
 28905 | Abyss:3  | Cast into level 3 of the Abyss (Louise)
 28945 | Abyss:3  | Noticed a tentacled starspawn
 28946 | Abyss:3  | 28946 ||| Stepping ~*~*~tactically~*~*~ (hiding).
 28948 | Abyss:3  | 28948 ||| Stepping ~*~*~tactically~*~*~ (hiding).
 28956 | Abyss:3  | Killed a tentacled starspawn
 28965 | Abyss:3  | 28965 ||| Stepping ~*~*~tactically~*~*~ (stealth).
 28966 | Abyss:3  | 28966 ||| Stepping ~*~*~tactically~*~*~ (stealth).
 28969 | Abyss:3  | Noticed an ancient lich
 28970 | Abyss:3  | 28970 ||| INVOKING Heroism.
 28971 | Abyss:3  | 28971 ||| INVOKING Finesse.
 28972 | Abyss:3  | Noticed a bone dragon
 28972 | Abyss:3  | Noticed a tentacled starspawn
 28985 | Abyss:3  | Killed a tentacled starspawn
 28992 | Abyss:3  | Killed from afar by an ancient lich

Levels and vault maps discovered:
D:1:      dpeg_arrival_tiny_a, layout_basic, minmay_indecisive_spiral
D:2:      layout_basic, serial_rivers, chequers_serial_rivers_small_3,
          chequers_serial_rivers_micro_b, chequers_serial_rivers_micro_b,
          chequers_serial_rivers_small_3, chequers_serial_rivers_marsh
D:3:      layout_basic, nicolae_dithmenos_the_darkroom,
          gammafunk_ghost_nasty_kobolds, minmay_misc_feat_more_columns,
          hangedman_abyss_or_decor_lesser_grid, grunt_ministairs_10
D:4:      layout_cave_pods, nzn_wu_jian_contemplation, minmay_temple_entry_tees,
          kennysheep_nondescript
D:5:      layout_cave_pools, serial_shops, shop_statue
D:6:      layout_cave_pools, mainiacjoe_overflow_surrounded_room,
          ebering_ghost_rock_garden
D:7:      layout_basic, evilmike_ruin_ashenzari, gammafunk_ghost_necromancy,
          minmay_misc_feat_pillars, uniq_maggie
D:8:      layout_basic, kennysheep_okawaru_gauntlet, minivault_24,
          minmay_misc_feat_room
D:9:      layout_basic, grunt_temple_overflow_gold_and_silver,
          nicolae_elyvilon_temple_path, mainiacjoe_overflow_24_doors,
          demons_altar, uniq_harold, uniq_erolcha, uniq_pikel
D:10:     layout_cave_pools, due_lair_maze_entry_diamond
D:11:     layout_irregular_city, hangedman_ranch
D:12:     erik_rubicon_b, layout_basic, orc_0_dummy
D:13:     layout_basic
D:14:     layout_basic, david_vaults_4, enter_trove_5,
          nicolae_vehumet_altar_sigil
D:15:     grunt_enter_depths_hoard, layout_gridville, corexii_hall_statues_s,
          minmay_stone_trees_small
Temple:   minmay_temple_bridge_abc
Lair:1:   beast_lair_carwin_large_2, layout_regular_city,
          hellmonk_guarded_unrand_zhor, infiniplex_staircase_pool_2
Lair:2:   layout_concentric_octagons
Lair:3:   layout_roguey, swamp_mist, guppyfry_snake_entry_garden,
          serial_bayou_lagoon_b
Lair:4:   layout_small_grid, gammafunk_ghost_ooze, st_stairs_13,
          grunt_megastairs_5, lemuel_fruit_tree, lemuel_fruit_fields,
          infiniplex_staircase_pool
Lair:5:   hangedman_lair_caniforms_friends, layout_layer_cave,
          hangedman_lair_tendril_chambers, nicolae_slime_entry_slimehenge,
          nicolae_quartered_pool_impasse, chequers_serial_rivers_large_b,
          cheibrodos_lair_lostbears
Swamp:1:  layout_basic_swamp, ebering_ghost_funeral_grove,
          evilmike_swamp_ruin_wall, swamp_pool1, grunt_ruined_hall, uniq_aizul
Swamp:2:  layout_basic_swamp, hangedman_swamp_pad, st_swamp_ruins_2
Swamp:3:  layout_falls_marsh, evilmike_swamp_ruin_house_2,
          nicolae_swamp_bloodsuckers_inc, uniq_donald, uniq_louise
Swamp:4:  swamp_alternative, layout_basic_swamp,
          gammafunk_ghost_berserking_beasts, uniq_nikola
Orc:1:    layout_caves, uniq_maurice, uniq_snorg, uniq_erica
Orc:2:    hellmonk_orc_salted, layout_diamond_mine, library_closet
Abyss:3:  base: D:12, nicolae_abyss_rune_left_handed, base:
D:5

Skill      XL: |  1  2  3  4  5  6  7  8  9 10 11 12 13 14 15 16 17 |
---------------+----------------------------------------------------+-----
Axes           | 2 3 4 5 6 7 8 10 11 12 13 15 16 18 | 18.0
Throwing       | 1 2 3 5 6 |  6.6
Dodging        | 1 2 3 4 |  4.1
Fighting       | 4 5 6 7 8 9 10 12 13 16 | 16.0
Armour         | 4 5 8 9 10 11 12 | 12.0
Shields        | 4 8 9 10 11 12 13 15 | 15.0
Invocations    | 4 6 10 | 10.0

Action                   |  1- 3 |  4- 6 |  7- 9 | 10-12 | 13-15 | 16-18 || total
-------------------------+-------+-------+-------+-------+-------+-------++-------
Melee: War axe           |   105 |    54 |   117 |   421 |   979 |       ||  1676
       Flail             |       |       |       |    12 |    90 |       ||   102
       Broad axe         |       |       |       |       |   141 |   993 ||  1134
       Morningstar       |       |       |       |       |       |   122 ||   122
       Unarmed           |       |       |       |       |       |     6 ||     6
Throw: Javelin           |     7 |    67 |    36 |    37 |    18 |    64 ||   229
       Boomerang         |       |       |     3 |    45 |   181 |    78 ||   307
Invok: Heroism           |       |       |       |    22 |    42 |    37 ||   101
       Finesse           |       |       |       |     1 |     6 |    12 ||    19
  Use: Scroll            |     6 |    12 |     3 |     4 |     8 |     6 ||    39
       Potion            |     1 |     2 |       |     2 |       |     5 ||    10
 Stab: Distracted        |       |     1 |     1 |     9 |    12 |       ||    23
       Petrified         |       |       |       |       |     1 |       ||     1
       Paralysed         |       |       |       |       |       |     1 ||     1
Armor: Scale mail        |    60 |     4 |       |       |       |       ||    64
       Chain mail        |       |    21 |    48 |    87 |       |   690 ||   846
       Plate armour      |       |       |       |   158 |   698 |    94 ||   950
Dodge: Dodged            |    48 |    16 |    41 |   100 |   282 |   530 ||  1017
Block: Buckler           |    29 |    10 |    19 |    24 |       |       ||    82
       Kite shield       |       |       |       |   182 |   635 |   655 ||  1472

Table legend:
 A = Non-vault XP
 B = Vault XP
 C = Vault XP percentage of total XP
 D = Non-vault monster count
 E = Vault monster count
 F = Vault count percentage of total count
                 A         B        C        D         E       F
            +---------+---------+-------+---------+---------+-------
      Total |  154564 |   79760 |  34.0 |     670 |     240 |  26.4
            +---------+---------+-------+---------+---------+-------
        D:1 |      68 |       5 |   6.8 |      33 |       4 |  10.8
        D:2 |      34 |       0 |   0.0 |      13 |       0 |   0.0
        D:3 |      61 |       4 |   6.2 |      15 |       2 |  11.8
        D:4 |     224 |       0 |   0.0 |      12 |       0 |   0.0
        D:5 |     899 |       0 |   0.0 |      23 |       0 |   0.0
        D:6 |     595 |       0 |   0.0 |      10 |       0 |   0.0
        D:7 |    1042 |     370 |  26.2 |      20 |       1 |   4.8
        D:8 |    2799 |       0 |   0.0 |      40 |       0 |   0.0
        D:9 |    1251 |    2376 |  65.5 |      34 |       3 |   8.1
       D:10 |    2370 |    1453 |  38.0 |      22 |      10 |  31.2
       D:11 |    6259 |    1660 |  21.0 |      34 |       6 |  15.0
       D:12 |    6314 |       0 |   0.0 |      26 |       0 |   0.0
       D:13 |    8621 |       0 |   0.0 |      26 |       0 |   0.0
       D:14 |   13284 |    3326 |  20.0 |      35 |       4 |  10.3
       D:15 |    4393 |    1786 |  28.9 |      13 |       2 |  13.3
     Lair:1 |    6886 |    3780 |  35.4 |      18 |      12 |  40.0
     Lair:2 |    8813 |       0 |   0.0 |      34 |       0 |   0.0
     Lair:3 |    2939 |     658 |  18.3 |      10 |       4 |  28.6
     Lair:4 |    8379 |    3182 |  27.5 |      29 |      13 |  31.0
     Lair:5 |   13300 |   20430 |  60.6 |      47 |      91 |  65.9
    Swamp:1 |    6919 |    8865 |  56.2 |      16 |      14 |  46.7
    Swamp:2 |   18121 |    4020 |  18.2 |      34 |       7 |  17.1
    Swamp:3 |   14196 |    7507 |  34.6 |      23 |      18 |  43.9
    Swamp:4 |    1690 |    2362 |  58.3 |       3 |       3 |  50.0
      Orc:1 |    3237 |    2244 |  40.9 |      36 |       3 |   7.7
      Orc:2 |    5714 |   13492 |  70.2 |      30 |      38 |  55.9
    Abyss:3 |   16156 |    2240 |  12.2 |      34 |       5 |  12.8
            +---------+---------+-------+---------+---------+-------
